 Dungeon Crawl Stone Soup version 0.24-a0-201-gf2055891f0 (webtiles) character file.

Game seed: 397090148208164094

56 MrRokkomies the Chucker (level 3, 0/39 HPs)
             Began as an Ogre Hunter on Mar 22, 2019.
             Was a Plaything of Xom.
             Slain by an adder (1 damage)
             ... on level 1 of the Dungeon.
             The game lasted 00:03:18 (1531 turns).

MrRokkomies the Chucker (Ogre Hunter)               Turns: 1531, Time: 00:03:18

Health: 0/39       AC:  5    Str: 13 (16) XL:     3   Next: 95%
Magic:  3/3        EV: 10    Int: 11 (12) God:    Xom [...*..]
Gold:   88         SH:  0    Dex:  9 (10) Spells: 2/2 levels left

rFire    . . .     SeeInvis .   a - +0 short sword
rCold    . . .     Gourm    .   (no shield)
rNeg     . . .     Faith    .   b - +0 robe
rPois    .         Spirit   .   (helmet restricted)
rElec    .         Reflect  .   (no cloak)
rCorr    .         Harm     .   (gloves unavailable)
MR       .....                  (boots unavailable)
Stlth    +.........             (no amulet)
HPRegen  0.13/turn              (no ring)
MPRegen  0.08/turn              (no ring)

@: lethally poisoned (0 -> -2)
A: large, unfitting armour, beak, iridescent scales 1, tough skin 1
a: Renounce Religion


You were on level 1 of the Dungeon.
You worshipped Xom.
You were a favourite toy of Xom.
You were not hungry.

You visited 1 branch of the dungeon, and saw 2 of its levels.

You collected 88 gold pieces.

Inventory:

Hand Weapons
 a - a +0 short sword (weapon)
Missiles
 d - 2 throwing nets
 e - 34 stones (quivered)
Armour
 b - a +0 robe (worn)
Comestibles
 f - 2 rations
 g - a chunk of flesh


   Skills:
 * Level 4.3 Fighting
 * Level 4.7 Throwing
 - Level 1.7 Dodging
 - Level 0.6 Stealth


You had 2 spell levels left.
You didn't know any spells.
Your spell library was empty.

Dungeon Overview and Level Annotations

Branches:
Dungeon (2/15)

Altars:
Xom


Innate Abilities, Weirdness & Mutations

You are too large for most types of armour.
You have tough skin. (AC +1)
You have a beak for a mouth.
You are partially covered in iridescent scales. (AC +2)


Message History

You throw a large rock. The large rock barely misses the adder.
The adder bites you but does no damage. The adder bites you.
* * * LOW HITPOINT WARNING * * *
You aren't carrying any potions.
Fire/throw which item? (* to show all) (? for menu, Esc to quit)
Throwing (i - inventory. (/) - cycle)
e - 34 stones (quivered)
Press: ? - help, Shift-Dir - straight line, f/p - adder
Aim: an adder You throw a large rock.
The large rock barely misses the adder.
* * * LOW HITPOINT WARNING * * *
You feel sick. The adder completely misses you.
The adder bites you but does no damage.
Unknown command.
You hit the adder. Your peck misses the adder.
The adder is lightly wounded.
The adder bites you but does no damage. x2
You hit the adder but do no damage.
The adder is lightly wounded.
The adder bites you.
You die...

................#####.#..#####..#
####........#...# #............#
##....##....#...# #..#..######.#
................####.##..# #.#
##.......................# #.#
......#.###.##..####.##..######.#
......#.###.....###.............#
............[............######.#
......#.######..@##......######.#
...##.#.######.#S##..#..#.......#
#####.#.........)##.......#####.#
......#.######..รท>......#.# #.#
........................#.# #.#
#####.#.######..(...##..#.# #.#
#.#.# #..###.##..#.# #.#
#.#.######..# #.##..#.# #.#
#####...........# #.##.##.# #.#


You could see an adder.

Vanquished Creatures
  2 gnolls
  An adder (D:1)
  2 dart slugs
  A leopard gecko (D:1)
  4 bats
  A giant cockroach (D:1)
  6 goblins (D:1)
  A hobgoblin (D:2)
  3 frilled lizards
  4 rats (D:1)
25 creatures vanquished.

Notes
Turn   | Place    | Note
-------+----------+-------------------------------------------
     0 | D:1      | MrRokkomies the Ogre Hunter began the quest for the Orb.
     0 | D:1      | Reached XP level 1. HP: 22/22 MP: 1/1
   206 | D:1      | Found a shimmering altar of Xom.
   229 | D:1      | Reached XP level 2. HP: 16/31 MP: 2/2
   386 | D:1      | Became a worshipper of Xom of Unknown Intention
   940 | D:1      | XOM: medium Chrm miscast
  1038 | D:2      | Gained mutation: You are partially covered in iridescent
                  | scales. (AC +2) [potion of mutation]
  1038 | D:2      | Gained mutation: You have a beak for a mouth. [potion of
                  | mutation]
  1072 | D:2      | HP: 1/32 [gnoll/+0 spear (3)]
  1342 | D:1      | Reached XP level 3. HP: 37/39 MP: 3/3
  1517 | D:2      | XOM: noise
  1528 | D:1      | HP: 1/39 [adder (4)]
  1531 | D:1      | Slain by an adder

Levels and vault maps discovered:
D:1:      onia_arrival_mini_maze, layout_basic, xom_teletrap_fun
D:2:      layout_rooms, serial_glass, glass_columns_a, glass_columns_a,
          chequers_hall_statues_corner_a, uniq_jessica

Skill      XL: |  1  2  3 |
---------------+----------+-----
Fighting       | 3 4 |  4.3
Throwing       | |  4.7
Dodging        | |  1.7
Stealth        | |  0.6

Action                   || total
-------------------------++-------
Melee: Short sword       ||   118
       Peck              ||     2
Throw: Stone             ||    14
       Large rock        ||     5
  Use: Potion            ||     4
       Scroll            ||     3
  Eat: Chunk             ||     2
Armor: Robe              ||    74
Dodge: Dodged            ||   115

Table legend:
 A = Non-vault XP
 B = Vault XP
 C = Vault XP percentage of total XP
 D = Non-vault monster count
 E = Vault monster count
 F = Vault count percentage of total count
                 A         B        C        D         E       F
            +---------+---------+-------+---------+---------+-------
      Total |      78 |       2 |   2.5 |      23 |       2 |   8.0
            +---------+---------+-------+---------+---------+-------
        D:1 |      56 |       2 |   3.4 |      18 |       2 |  10.0
        D:2 |      22 |       0 |   0.0 |       5 |       0 |   0.0
            +---------+---------+-------+---------+---------+-------
